 Dungeon Crawl Stone Soup version 0.29-a0-802-g34511f41fd (webtiles) character file.

Game seed: 2024200199099243200

1144 dolemite99 the Cleaver (level 8, -2/56 (64) HPs)
             Began as a Minotaur Fighter on July 3, 2022.
             Was a Believer of Uskayaw.
             Slain by a wight
             ... wielding a +0 battleaxe
              (4 damage)
             ... on level 6 of the Dungeon.
             The game lasted 00:05:26 (5705 turns).

dolemite99 the Cleaver (Minotaur Fighter)           Turns: 5705, Time: 00:05:27

HP:   -2/56 (64)    AC:  9    Str: 22    XL:     8   Next: 15%
MP:   7/7           EV:  7    Int:  5    God:    Uskayaw [**....]
Gold: 380           SH:  4    Dex: 11    Spells: 7/7 levels left

rFire   . . .      SeeInvis .   a - +0 war axe (venom)
rCold   . . .      Faith    .   c - +0 buckler
rNeg    . . .      Spirit   .   s - +0 chain mail
rPois   +          Reflect  .   (helmet restricted)
rElec   .          Harm     .   (no cloak)
rCorr   .          Rampage  .   (no gloves)
Will    +....                   (no boots)
Stlth   ..........              (no amulet)
HPRegen 0.18/turn               g - ring of willpower
MPRegen 0.10/turn               y - ring of poison resistance

@: heavily drained
A: horns 2, retaliatory headbutt
a: Renounce Religion, Stomp, Line Pass


You were on level 6 of the Dungeon.
You worshipped Uskayaw.
Uskayaw was noncommittal.
You visited 1 branch of the dungeon, and saw 6 of its levels.

You collected 380 gold pieces.

Inventory:

Hand Weapons
 a - a +0 war axe of venom (weapon)
Armour
 b - a +0 scale mail
 c - a +0 buckler (worn)
 s - a +0 chain mail (worn)
Magical Staves
 w - a staff of fire
Jewellery
 g - a ring of willpower (left hand)
 n - a +6 ring of dexterity
 t - a ring of resist corrosion
 y - a ring of poison resistance (right hand)
 B - an amulet of guardian spirit
Wands
 v - a wand of flame (30)
Scrolls
 d - 2 scrolls of enchant armour {unknown}
 f - a scroll of fog
 h - 3 scrolls of enchant weapon {unknown}
 i - 3 scrolls of magic mapping
 l - 2 scrolls of poison {unknown}
 m - a scroll of blinking {unknown}
 r - a scroll of amnesia {unknown}
 u - 2 scrolls of noise {unknown}
 x - 2 scrolls of teleportation {unknown}
 A - 2 scrolls of identify {@r1}
Potions
 e - a potion of berserk rage {unknown}
 o - 3 potions of attraction
 p - a potion of brilliance {unknown}
 q - 2 potions of lignification
 z - a potion of haste {unknown}


   Skills:
 - Level 3.6 Fighting
 + Level 11.7 Axes
 - Level 3.6 Armour
 - Level 3.6 Shields


You had 7 spell levels left.
You didn't know any spells.
Your spell library contained the following spells:

 Spells                   Type           Power      Damage    Failure   Level
 Ensorcelled Hibernation  Hex/Ice        0%         N/A       100%        2
 Spider Form              Tmut/Pois      0%         N/A       100%        3
 Anguish                  Hex/Necr       0%         N/A       100%        4


Dungeon Overview and Level Annotations

Branches:
Dungeon (6/15)
 Temple: D:4-7

Altars:
Ashenzari
Kikubaaqudgha
Makhleb
Sif Muna
Uskayaw
Yredelemnul


Innate Abilities, Weirdness & Mutations

You have a pair of horns on your head.
You reflexively headbutt those who attack you in melee.


Message History

You closely miss the wight. Your headbutt misses the wight.
The wight is moderately damaged.
You barely miss the wight. You hit the wight. The wight closely misses you.
The wight barely misses you.
The wight hits you with a +3 long sword.
You barely miss the wight.
The wight is moderately damaged.
You hit the wight but do no damage. You barely miss the wight.
You block the wight's attack. The wight closely misses you.
The wight hits you with a +3 long sword.
You feel drained. The wight closely misses you.
You closely miss the wight.
The wight is moderately damaged.
You closely miss the wight. You slash the wight!
The wight hits you with a +5 flail of freezing!
You feel drained. The wight freezes you. The wight barely misses you.
You block the wight's attack. The wight hits you with a +0 battleaxe!
You can now pass through a line of other dancers.
You are too injured to fight recklessly!
You are too injured to fight recklessly!
You are too injured to fight recklessly!
You feel much better. You block the wight's attack. x2
The wight closely misses you. The wight hits you with a +0 battleaxe!
You barely miss the wight. You hit the wight. You closely miss the wight.
The wight misses you.
The wight hits you with a +5 flail of freezing.
The wight freezes you. The wight hits you but does no damage.
The wight hits you from afar with a +0 trident.
You hit the wight.
The wight is moderately damaged.
You slash the wight!
You destroy the wight!
You hit the wight. The wight hits you but does no damage.
The wight hits you with a +5 flail of freezing!
You feel drained. The wight freezes you.
* * * LOW HITPOINT WARNING * * *
The wight hits you with a +0 battleaxe!
* * * LOW HITPOINT WARNING * * *
You feel drained.
You die...

.# ##.# .# .#####.##
##? .# #...#..# #.#
... ##.....## ##.##
#.. ##......## ##...##
#.#
#........###.....##..#
#.###....##.........#
.##
###........zz..#####
## ##...###.)@.......
##...# ####.......
##†...## #z>....
##......## #.....
###..####.#### .....
###...#####.#### ....
.......####.## ...
###....####.### ...
##............


You could see 3 wights.

Vanquished Creatures
  Grinder (D:6)
  Sigmund (D:2)
  A water moccasin (D:5)
  Duvessa (D:4)
  A water moccasin zombie (D:4)
  A wight (D:6)
  Dowan (D:4)
  A crimson imp (D:6)
  3 hounds
  A jelly (D:5)
  Natasha (D:2)
  An iguana (D:5)
  A howler monkey zombie (D:4)
  Robin (D:2)
  6 adders
  7 gnolls
  3 worms
  The ghost of purpskrrrp the Sneak, a weakling HODe (D:4)
  A dart slug (D:1)
  2 orcs (D:3)
  6 bats
  8 endoplasms
  3 giant cockroaches
  11 goblins
  9 hobgoblins
  7 jackals (D:4)
  6 kobolds
  8 quokkas
  8 ball pythons
  3 frilled lizards
  5 rats
110 creatures vanquished.

Notes
Turn   | Place    | Note
-------+----------+-------------------------------------------
     0 | D:1      | dolemite99 the Minotaur Fighter began the quest for the
                  | Orb.
     0 | D:1      | Reached XP level 1. HP: 19/19 MP: 0/0
    71 | D:1      | Reached skill level 3 in Axes
   120 | D:1      | Reached XP level 2. HP: 25/26 MP: 1/1
   465 | D:1      | Reached skill level 4 in Axes
   818 | D:1      | Reached XP level 3. HP: 31/31 MP: 2/2
  1336 | D:2      | Noticed Robin
  1347 | D:2      | Killed Robin
  1348 | D:2      | Reached skill level 5 in Axes
  1651 | D:2      | Found a faded altar of an unknown god.
  1664 | D:2      | Prayed at the altar of an unknown god.
  1664 | D:2      | Became a worshipper of Sif Muna the Loreminder
  1664 | D:2      | Reached * piety under Sif Muna
  1676 | D:2      | Noticed Sigmund
  1700 | D:2      | Killed Sigmund
  1701 | D:2      | Reached skill level 7 in Axes
  1701 | D:2      | Reached XP level 4. HP: 5/39 MP: 3/3
  1701 | D:2      | Reached XP level 5. HP: 5/45 MP: 4/4
  1962 | D:2      | Fell from the grace of Sif Muna
  2036 | D:2      | Noticed Natasha
  2040 | D:2      | Killed Natasha
  2335 | D:3      | Reached XP level 6. HP: 51/51 MP: 5/5
  2522 | D:3      | Found an ancient bone altar of Kikubaaqudgha.
  2901 | D:3      | Found a hide-covered altar of Uskayaw.
  2925 | D:3      | Became a worshipper of Uskayaw the Reveller
  3099 | D:4      | Reached * piety under Uskayaw
  3148 | D:4      | Reached skill level 8 in Axes
  3155 | D:4      | Reached ** piety under Uskayaw
  3212 | D:4      | Noticed Duvessa
  3212 | D:4      | Noticed Dowan
  3221 | D:4      | Killed Duvessa
  3222 | D:4      | Reached *** piety under Uskayaw
  3231 | D:4      | Killed Dowan
  3232 | D:4      | Reached skill level 9 in Axes
  3873 | D:4      | Found a shimmering blue altar of Sif Muna.
  3877 | D:4      | Found a broken altar of Ashenzari.
  3915 | D:4      | Reached XP level 7. HP: 56/57 MP: 6/6
  4043 | D:4      | Noticed purpskrrrp's ghost (weakling HODe)
  4044 | D:4      | Found a runed translucent gate.
  4044 | D:4      | Found a runed translucent gate.
  4044 | D:4      | Found a runed translucent gate.
  4046 | D:4      | Found a basalt altar of Yredelemnul.
  4101 | D:4      | Killed purpskrrrp's ghost
  4339 | D:5      | Entered Level 5 of the Dungeon
  4478 | D:5      | Reached skill level 10 in Axes
  4550 | D:5      | Reached **** piety under Uskayaw
  5519 | D:6      | Noticed Grinder
  5530 | D:6      | Killed Grinder
  5531 | D:6      | Reached skill level 11 in Axes
  5531 | D:6      | Reached XP level 8. HP: 49/64 MP: 7/7
  5610 | D:6      | Found a burning altar of Makhleb.
  5705 | D:6      | HP: 2/58 [wight/+0 battleaxe (14)]
  5705 | D:6      | Slain by a wight

Illustrated notes

Levels and vault maps discovered:
D:1:      grunt_arrival_crossed_arrows, layout_basic, minmay_ruptured
D:2:      layout_basic, shapermc_ecumenical_altar_mp_highgroup,
          minmay_tetromino_s2, uniq_robin, uniq_sigmund, uniq_natasha
D:3:      layout_loops_ring, mainiacjoe_overflow_boulevard,
          mainiacjoe_overflow_alcove_1
D:4:      layout_gridville, nicolae_yredelemnul_ghost_church,
          grunt_temple_overflow_open, uniq_duvessa
D:5:      layout_gridville
D:6:      layout_layer_cave, grunt_gozag_statues, tso_oasis_becter,
          makhleb_grotto_becter, minmay_temple_entry_grid, kennysheep_nub,
          reono_crystal_passage, uniq_grinder

Skill      XL: |  1  2  3  4  5  6  7 |
---------------+----------------------+-----
Axes           | 3 4 7 9 11 | 11.7
Fighting       | |  3.6
Armour         | |  3.6
Shields        | |  3.6

Action                   |  1- 3 |  4- 6 |  7- 9 || total
-------------------------+-------+-------+-------++-------
Melee: War axe           |    64 |    48 |    78 ||   190
       Headbutt          |     5 |    10 |    10 ||    25
Throw: Dart              |    16 |    15 |     9 ||    40
       Boomerang         |       |    29 |       ||    29
Invok: Renounce Religion |       |     1 |       ||     1
  Use: Potion            |     1 |     1 |     2 ||     4
       Scroll            |       |     4 |     2 ||     6
 Stab: Paralysed         |       |       |     1 ||     1
Armor: Scale mail        |    21 |       |       ||    21
       Chain mail        |     8 |    18 |    21 ||    47
       Skin              |       |       |     6 ||     6
Dodge: Dodged            |    33 |    22 |    35 ||    90
Block: Buckler           |    13 |     9 |    20 ||    42

Table legend: (Time is in decaauts)
 A = Elapsed time spent in this place.
 B = Non-inter-level travel time spent in this place.
 C = Inter-level travel time spent in this place.
 D = Time resting spent in this place.
 E = Time spent auto-exploring this place.
 F = Levels seen in this place.
 G = Mean time per level.
                   A        B        C        D        E       F      G
               +--------+--------+--------+--------+--------+-----+--------+
         Total |   5743 |   5591 |    152 |   1570 |   3045 |   6 |  957.2 |
       Dungeon |   5743 |   5591 |    152 |   1570 |   3045 |   6 |  957.2 |
               +--------+--------+--------+--------+--------+-----+--------+

Top non-repeatable levels by time:
     D:1: 1349 daAuts
     D:4: 1297 daAuts
     D:5: 1116 daAuts
     D:2: 870 daAuts
     D:3: 860 daAuts
     D:6: 249 daAuts
